 Dungeon Crawl Stone Soup version 0.31.0-11-ge490571c62 (webtiles) character file.

Game seed: 18350890710411799439

151 Arctor the Magician (level 5, -4/28 HPs)
             Began as a Deep Elf Air Elementalist on Jan 30, 2024.
             Slain by Duvessa
             ... wielding a +0 short sword
              (7 damage)
             ... on level 4 of the Dungeon.
             The game lasted 00:03:54 (1551 turns).

Arctor the Magician (Deep Elf Air Elementalist)     Turns: 1551, Time: 00:03:55

Health: -4/28      AC:  2    Str:  5    XL:     5   Next: 10%
Magic:  10/13      EV: 13    Int: 22    God:
Gold:   15         SH:  0    Dex: 15    Spells: 8/12 levels left

rFire   . . .        d - +2 dagger (venom)
rCold   . . .        (no shield)
rNeg    . . .        a - +0 robe
rPois   .            (no helmet)
rElec   .            (no cloak)
rCorr   .            (no gloves)
SInv    .            (no boots)
Will    .....        (no amulet)
Stlth   ++           (no ring)
HPRegen 0.24/turn    (no ring)
MPRegen 0.13/turn

%: no passive effects
@: hasted, inugami summoned, very quick
A: no striking features
a: no special abilities


You were on level 4 of the Dungeon.
You visited 1 branch of the dungeon, and saw 4 of its levels.

You collected 15 gold pieces.

Inventory:

Hand Weapons
 d - a +2 dagger of venom (weapon)
Armour
 a - a +0 robe (worn)
Scrolls
 c - a scroll of identify
 g - a scroll of immolation
Potions
 b - a potion of magic
 e - a potion of invisibility
 i - a potion of curing {unknown}
 j - a potion of lignification {unknown}
 k - a potion of attraction {unknown}


   Skills:
 + Level 3.4 Dodging
 + Level 3.6 Stealth
 + Level 4.1 Spellcasting
 + Level 2.4 Conjurations
 + Level 1.4 Summonings
 + Level 3.6 Air Magic


You had 8 spell levels left.
You knew the following spells:

 Your Spells              Type           Power      Damage    Failure   Level
a - Shock                 Conj/Air       68%        1d7       3%          1
b - Call Canine Familiar  Summ           10%        N/A       19%         3

Your spell library contained the following spells:

 Spells                   Type           Power      Damage    Failure   Level
 Static Discharge         Conj/Air       34%        3-5/arc   4%          2
 Swiftness                Air            20%        N/A       8%          3
 Airstrike                Air            10%        2d(2-18)  26%         4
 Sigil of Binding         Hex            4%         N/A       32%         3
 Dimensional Bullseye     Hex/Tloc       2%         N/A       73%         4


Dungeon Overview and Level Annotations

Branches:
Dungeon (4/15)
 Temple: D:4-7

Altars:
Elyvilon

Shops:
D:3 (

Annotations:
D:4 Dowan, Duvessa


Message History

You climb upwards.
There is a stone staircase leading down, spattered with blood here.
HP restored.
Done exploring.
Done exploring.
Okay, then.
What level of the Dungeon? (default 4, ? - help)
You climb downwards.
You hear the sound of rushing water.
There is an entrance to a sewer on this level.
Hurry and find it before the portal rusts away!
Level annotation: Duvessa You hear the slow rusting of a distant drain.
Duvessa hits you with a +0 short sword.
Dowan, Brother of Duvessa comes into view.
He is wielding a +0 dagger.
Duvessa hits you with a +0 short sword!
There is a stone staircase leading up here.
Casting: Shock (safe; 3% risk of failure)
Confirm with . or Enter, or press ? or * to list all spells.
You call for your canine familiar and it appears with a howl!
Dowan shouts!
The goblin shouts!
Duvessa hits you with a +0 short sword!
Unknown command.
You closely miss Duvessa. Duvessa hits you with a +0 short sword!
* * * LOW HITPOINT WARNING * * *
Dowan casts a spell.
Dowan blinks!
Unknown command.
You hit Duvessa.
Duvessa is lightly wounded.
Duvessa closely misses you.
Your inugami hits Duvessa.
Unknown command.
It was a potion of haste.
You feel yourself speed up. Duvessa barely misses you.
Your inugami hits Duvessa. You hit Duvessa but do no damage.
Duvessa is poisoned.
Duvessa is moderately wounded.
Unknown command.
You closely miss Duvessa.
Duvessa is moderately wounded.
Duvessa hits you with a +0 short sword!
You die...

##............
.#.............
...............
#.e.#..........
....##.....#
........####
........#
.<....h.#
>....ge@#
#########


You could see Duvessa (very poisoned, ally target), Dowan, a goblin and a
friendly inugami (summoned).

Vanquished Creatures
  An orc wizard (D:3)
  An iguana (D:3)
  2 gnolls (D:3)
  4 adders (D:3)
  8 orcs (D:3)
  4 endoplasms
  A goblin (D:3)
  A hobgoblin (D:2)
  2 kobolds (D:3)
  A quokka (D:4)
  2 ball pythons
  A bat (D:3)
  A frilled lizard (D:3)
  2 rats
31 creatures vanquished.

Vanquished Creatures (collateral kills)
  A gnoll (D:3)
1 creature vanquished.

Grand Total: 32 creatures vanquished

Notes
Turn   | Place    | Note
-------+----------+-------------------------------------------
     0 | D:1      | Arctor the Deep Elf Air Elementalist began the quest for
                  | the Orb.
     0 | D:1      | Reached XP level 1. HP: 10/10 MP: 6/6
    26 | D:1      | You fall into a shaft and drop 1 floor!
   178 | D:3      | Reached XP level 2. HP: 12/15 MP: 0/8
   413 | D:3      | Reached XP level 3. HP: 15/19 MP: 5/10
   454 | D:3      | Learned a level 3 spell: Call Canine Familiar
   575 | D:3      | Found a white marble altar of Elyvilon.
   624 | D:3      | Reached XP level 4. HP: 17/24 MP: 6/11
   795 | D:3      | Found Yman's Antique Weapon Shop.
   940 | D:3      | Reached skill level 1 in Summonings
  1501 | D:4      | Reached skill level 4 in Spellcasting
  1502 | D:4      | Noticed Duvessa
  1515 | D:3      | Reached XP level 5. HP: 25/28 MP: 13/13
  1545 | D:4      | Noticed Dowan
  1551 | D:4      | Slain by Duvessa

Illustrated notes

Levels and vault maps discovered:
D:1:      nzn_arrival_settlement, layout_basic
D:2:      layout_rooms, st_stairs_6
D:3:      layout_basic, elyvilon_altar_5, serial_shops,
          nicolae_shop_just_a_little_nook, supply_closet_lemuel
D:4:      layout_rooms, cheibrodos_sewer_entry_sluice, uniq_duvessa

Skill      XL: |  1  2  3  4 |
---------------+-------------+-----
Stealth        | 3 |  3.6
Dodging        | 3 |  3.4
Conjurations   | 2 |  2.4
Summonings     | 1 |  1.4
Spellcasting   | 4 |  4.1
Air Magic      | |  3.6

Action                     |  1- 3 |  4- 6 || total
---------------------------+-------+-------++-------
  Melee: Unarmed           |     5 |       ||     5
         Dagger            |     8 |    26 ||    34
   Cast: Shock             |    36 |    20 ||    56
         Call Canine Famil |       |     3 ||     3
    Use: Scroll            |       |     2 ||     2
         Potion            |       |     2 ||     2
 Armour: Robe              |     6 |    28 ||    34
  Dodge: Dodged            |    20 |    22 ||    42
